AoeStats
← VbadGamer

Arabia

505819786Analyzed
1v1 RM · 20d ago on Sep 11, 2026· 22m 7s· 2 players
Game mode
Random Map
Map size
Tiny (2 player)
Population
200
Speed
Normal
Resources
Standard
Victory
Conquest
Starting age
Dark Age
Ending age
Imperial Age
RankedLock teamsTeams togetherTeam positionsShared explorationLock speedFull tech treeHidden civsTurbo modeCheats
Victory
Defeat
🇦🇺 Magyars · Australia
673
+17
🇺🇸 Inca · United States
701
-17
VbadGamer
11:04 Feudal Age
11:29 Loom
11:57 Double-Bit Axe
11:56 Horse Collar
14:13 Man-at-Arms
17:33 Scale Mail Armor
20:36 Castle Age
18:39 Gold Mining
20:01 Wheelbarrow
20:11 Bloodlines
lilith
6:11 Loom
10:32 Feudal Age
12:57 Wheelbarrow
12:11 Town Watch
13:58 Scale Mail Armor
14:09 Forging
14:00 Padded Archer Armor
14:49 Double-Bit Axe
14:45 Horse Collar
16:27 Arson
16:47 Fletching
17:01 Champi Runner
Connection lost

Rejoining the realm…

Still unreachable

The connection could not be restored.

Session expired

The server has moved on; the page needs a fresh start.